[Event "Late Titled Tuesday Blitz February 8 2022"]
[White "Shevchenko, Kirill"]
[Black "Rustemov, Alexander"]
[WhiteFideId "14129574"]
[BlackFideId "4119002"]
[WhiteElo "2624"]
[BlackElo "2833"]
[Result "1-0"]
[Round "08"]
[TimeControl "180+1"]
[Date "2022.02.08"]
[WhiteClock "0:00:35"]
[BlackClock "0:00:08"]

1. e4 e6 2. d4 d5 3. e5 c5 4. c3 Qb6 5. Nf3 Bd7 6. Bd3 cxd4 7. O-O Nc6 8. Re1 Nge7 9. h4 h6 10. h5 Rc8 11. Nbd2 dxc3 12. bxc3 Na5 13. Rb1 Qc7 14. Nb3 Nxb3 15. axb3 Nc6 16. Bf4 Be7 17. b4 a5 18. b5 Nb8 19. Rc1 Qb6 20. Nd4 Bc5 21. Qg4 Kf8 22. Be3 a4 23. Ra1 a3 24. Bc1 Qa5 25. Bd2 Bxd4 26. Qxd4 Bxb5 27. Bc2 Bc4 28. Re3 Nc6 29. Qg4 Qc7 30. Rxa3 Nxe5 31. Qf4 Nc6 32. Qxc7 Rxc7 33. Ra8+ Ke7 34. Rxh8 b5 35. Re1 e5 36. Be3 Kf6 37. Bc5 d4 38. cxd4 Nxd4 39. Bxd4 exd4 40. Rd8 Be6 41. Bd3 Rc5 42. Rxd4 Rxh5 43. Rf4+ Ke7 44. Rb4 1-0


[Site "https://www.chess.com"]

[Event "Late Titled Tuesday Blitz February 8 2022"]
[White "Sjugirov, Sanan"]
[Black "Li, Ben"]
[WhiteFideId "4189302"]
[BlackFideId "2089980"]
[WhiteElo "2602"]
[BlackElo "2267"]
[Result "1-0"]
[Round "08"]
[TimeControl "180+1"]
[Date "2022.02.08"]
[WhiteClock "0:00:02"]
[BlackClock "0:00:17"]

1. e4 e5 2. Nf3 Nf6 3. Nxe5 d6 4. Nf3 Nxe4 5. Nc3 Nxc3 6. dxc3 Be7 7. Be3 O-O 8. Qd2 Nd7 9. O-O-O Nf6 10. h4 c5 11. Bg5 Be6 12. a3 d5 13. Bd3 b5 14. Bxf6 Bxf6 15. Ng5 h6 16. f4 Qb6 17. Rde1 Rfe8 18. Nh7 Bd7 19. Nxf6+ Qxf6 20. Qf2 c4 21. Be2 Re4 22. g3 Rae8 23. Bf3 Rxe1+ 24. Rxe1 Rxe1+ 25. Qxe1 d4 26. cxd4 Qxd4 27. c3 Qd3 28. Be4 Qd6 29. Bc2 Bc6 30. Qe3 a6 31. Qb6 Qe6 32. Qd8+ Be8 33. Kd2 Kf8 34. Qd4 f6 35. Be4 Bf7 36. Qd8+ Be8 37. Bb7 Qh3 38. Qd6+ Kf7 39. Qd5+ Kg6 40. Qe4+ Kf7 41. Bd5+ Kf8 42. Qe3 Qh2+ 43. Kc1 Bg6 44. Qc5+ Ke8 45. Qc8+ Ke7 46. Qc7+ Ke8 47. Bc6+ Kf8 48. Qd8+ Kf7 49. Qe8# 1-0


[Site "https://www.chess.com"]

[Event "Late Titled Tuesday Blitz February 8 2022"]
[White "Solon, Nathan"]
[Black "Garriga Cazorla, Pere"]
[WhiteFideId "2017229"]
[BlackFideId "32011601"]
[WhiteElo "2574"]
[BlackElo "2458"]
[Result "0-1"]
[Round "08"]
[TimeControl "180+1"]
[Date "2022.02.08"]
[WhiteClock "0:00:02"]
[BlackClock "0:00:36"]

1. d4 Nf6 2. Bg5 g6 3. Bxf6 exf6 4. e3 h5 5. c4 h4 6. Nc3 d6 7. h3 f5 8. Be2 Nd7 9. Bf3 Nf6 10. Nge2 Bh6 11. b4 O-O 12. O-O Re8 13. Qc2 g5 14. Nc1 g4 15. Be2 f4 16. hxg4 fxe3 17. f3 c6 18. Nd3 a5 19. b5 Qb6 20. c5 dxc5 21. dxc5 Qc7 22. Rad1 Qg3 23. Ne4 Nxe4 24. fxe4 h3 25. Bf3 Be6 26. bxc6 bxc6 27. Qe2 Rad8 28. Qe1 Qxe1 29. Rfxe1 hxg2 30. Kxg2 Bxa2 31. e5 Bb3 32. Bxc6 Bxd1 33. Bxe8 Rxd3 34. c6 Bxg4 35. Kg3 Be6 36. Re2 a4 37. Kf3 a3 38. Ke4 Rc3 39. Bd7 Kf8 0-1


[Site "https://www.chess.com"]

[Event "Late Titled Tuesday Blitz February 8 2022"]
[White "Stankovic, Ivan G"]
[Black "Miszler, Levente"]
[WhiteFideId "902837"]
[BlackFideId "763276"]
[WhiteElo "2195"]
[BlackElo "1966"]
[Result "1-0"]
[Round "08"]
[TimeControl "180+1"]
[Date "2022.02.09"]
[WhiteClock "0:00:08"]
[BlackClock "0:00:01"]

1. e4 c5 2. c4 Nc6 3. Nc3 g6 4. g3 Bg7 5. Bg2 e5 6. d3 Nge7 7. Rb1 O-O 8. Nge2 d6 9. a3 a5 10. O-O f5 11. Nd5 a4 12. b4 axb3 13. Qxb3 Nxd5 14. exd5 Nd4 15. Nxd4 exd4 16. Re1 g5 17. Re6 f4 18. Qb6 Qxb6 19. Rxb6 Bxe6 20. dxe6 f3 21. Bh3 h5 22. e7 Rfe8 23. Be6+ Kh7 24. Bxg5 Rxa3 25. h4 Ra1+ 26. Kh2 Rea8 27. Bf5+ Kg8 28. Rxb7 Rf1 29. Rb2 Kf7 30. Be4 Re8 31. Bd5+ Kg6 32. Bxf3 Bf6 33. Bxh5+ Kxh5 34. Bxf6 Kg6 35. Bg5 Rd1 36. Rb6 Rxd3 37. Rxd6+ Kf7 38. Rf6+ Kg7 39. Rf5 Rc3 40. Rxc5 d3 41. Re5 Rxc4 42. Rd5 Rc3 43. Kg2 Rb3 44. h5 Kf7 45. f4 Rb2+ 46. Kh3 d2 47. f5 Rh8 48. g4 Rb3+ 49. Kh4 Rc8 50. Rxd2 Rcc3 51. Bf4 Rh3+ 52. Kg5 Rb6 53. Re2 Ke8 54. f6 Rb5+ 55. Kg6 Rh4 56. f7+ Kd7 57. e8=Q# 1-0


[Site "https://www.chess.com"]

[Event "Late Titled Tuesday Blitz February 8 2022"]
[White "Stoleriu, George"]
[Black "Estrada Nieto, Julian"]
[WhiteFideId "1227505"]
[BlackFideId "5101018"]
[WhiteElo "2203"]
[BlackElo "2246"]
[Result "1-0"]
[Round "08"]
[TimeControl "180+1"]
[Date "2022.02.09"]
[WhiteClock "0:00:12"]
[BlackClock "0:00:02"]

1. e4 e5 2. Nf3 Nc6 3. Bb5 a6 4. Ba4 Nf6 5. d3 d6 6. c3 Be7 7. O-O O-O 8. Re1 Re8 9. Nbd2 Bf8 10. Nf1 h6 11. Ng3 g6 12. h3 Bg7 13. d4 b5 14. Bb3 Bb7 15. d5 Na5 16. Bc2 c6 17. dxc6 Bxc6 18. Qe2 d5 19. exd5 Qxd5 20. Rd1 Qe6 21. b3 Rad8 22. Ba3 Nd5 23. Bb4 Nf4 24. Qe3 Nb7 25. Be4 Nd5 26. Bxd5 Rxd5 27. Rxd5 Qxd5 28. Re1 f5 29. Qe2 a5 30. Ba3 Kh7 31. Rd1 Qe6 32. Re1 Qd5 33. Rd1 Qe6 34. Nf1 f4 35. N1d2 Qf5 36. Re1 Qc2 37. Ne4 Qxe2 38. Rxe2 Rd8 39. Kh2 Rd3 40. Nfd2 a4 41. Be7 axb3 42. axb3 Rd7 43. Nf6+ Bxf6 44. Bxf6 e4 45. Nxe4 Bxe4 46. Rxe4 g5 47. Re7+ Rxe7 48. Bxe7 Kg6 49. g3 Kf7 50. Bb4 f3 51. g4 Ke6 52. Kg3 Kd5 53. Kxf3 Nd8 54. Bf8 Ne6 55. Bxh6 Nc5 56. Bxg5 Nxb3 57. Bf6 Nc5 58. h4 Ne4 59. Bg7 Nd6 60. h5 Ke6 61. g5 Kf7 62. h6 Kg6 63. Kg4 Nf5 64. f4 Ne3+ 65. Kf3 Nf5 66. Ke4 Ng3+ 67. Kd5 Nf5 68. Kc5 Ne7 69. Kxb5 Nf5 70. c4 Ne3 71. c5 Nd5 72. c6 Nc7+ 73. Kb6 Ne6 74. Kb7 Kh7 75. c7 Nxc7 76. Kxc7 Kg6 77. f5+ 1-0


[Site "https://www.chess.com"]

[Event "Late Titled Tuesday Blitz February 8 2022"]
[White "Svane, Rasmus"]
[Black "Horvath, Dominik"]
[WhiteFideId "4657101"]
[BlackFideId "1642561"]
[WhiteElo "2645"]
[BlackElo "2336"]
[Result "1-0"]
[Round "08"]
[TimeControl "180+1"]
[Date "2022.02.08"]
[WhiteClock "0:00:11"]
[BlackClock "0:00:07"]

1. Nf3 d5 2. g3 Nc6 3. d4 Bg4 4. Bg2 Qd7 5. h3 Bxf3 6. exf3 e6 7. f4 Bd6 8. c3 Nf6 9. Nd2 Ne7 10. Nf3 O-O 11. O-O c5 12. dxc5 Bxc5 13. Ne5 Qd8 14. a4 a5 15. Qb3 Nf5 16. Kh2 Qc7 17. Qc2 Rac8 18. Bd2 Rfd8 19. Rad1 Nd6 20. Bc1 Qb6 21. Ng4 Nfe8 22. Rd3 h5 23. Ne5 Nf6 24. g4 Nfe4 25. Rf3 f6 26. Nd3 h4 27. Qe2 Nf7 28. Nxc5 Qxc5 29. Re3 Nfd6 30. Rd3 Qc7 31. Kg1 Kf7 32. Rfd1 Re8 33. Qc2 Nc5 34. Rd4 f5 35. gxf5 Nxf5 36. Rxd5 g6 37. R5d2 Rcd8 38. b4 Na6 39. Qe4 axb4 40. cxb4 Rxd2 41. Bxd2 Rd8 42. Qxb7 Qxb7 43. Bxb7 Nxb4 44. a5 Nd5 45. Be1 Nd6 46. Bxd5 exd5 47. Rxd5 Ke6 48. Re5+ Kf6 49. a6 Ra8 50. Ra5 Nc4 51. Ra4 Nb6 52. Ra2 Nd5 53. Bd2 Nc7 54. a7 Ke6 55. Be3 Kd5 56. Kg2 Ke4 57. Ra4+ Kf5 58. Kf3 Ne6 59. Ra5+ Kf6 60. Kg4 Ng7 61. Kxh4 Nf5+ 62. Kg4 Kg7 63. h4 Kh6 64. h5 Nxe3+ 65. fxe3 gxh5+ 66. Rxh5+ Kg6 67. Ra5 Kf6 68. e4 Kg6 69. e5 Kh6 70. Kf5 Kh5 71. Ke4 Kg6 72. Kd5 Kf5 73. Kc6 Kxf4 74. Kb7 1-0


[Site "https://www.chess.com"]

[Event "Late Titled Tuesday Blitz February 8 2022"]
[White "Sviridov, Valery"]
[Black "Kravtsiv, Martyn"]
[WhiteFideId "4120680"]
[BlackFideId "14113147"]
[WhiteElo "2454"]
[BlackElo "2694"]
[Result "1-0"]
[Round "08"]
[TimeControl "180+1"]
[Date "2022.02.08"]
[WhiteClock "0:00:14"]
[BlackClock "0:00:01"]

1. Nf3 d5 2. g3 c5 3. Bg2 Nf6 4. O-O Nc6 5. d4 cxd4 6. Nxd4 e5 7. Nxc6 bxc6 8. c4 Be6 9. Nc3 Rc8 10. cxd5 cxd5 11. Qa4+ Qd7 12. Qxd7+ Kxd7 13. Rd1 Bc5 14. Na4 h6 15. Nxc5+ Rxc5 16. b3 Rc2 17. f4 e4 18. Kf1 Bg4 19. Re1 Rhc8 20. Be3 a5 21. h3 Be6 22. g4 g6 23. Red1 Ke7 24. Bd2 Ra8 25. Ke1 h5 26. g5 Nd7 27. Rdc1 Rxc1+ 28. Rxc1 a4 29. b4 Nb6 30. Be3 Nc4 31. Bc5+ Kd7 32. h4 Kc6 33. e3 a3 34. Rc3 Kb5 35. Bf1 Bg4 36. Kf2 Ra4 37. Rc1 Ra6 38. Rc2 Rc6 39. Rd2 Be6 40. Be2 Rc8 41. Rd4 Ra8 42. Kg3 Kc6 43. Rd1 Nb2 44. Rd2 Nc4 45. Rc2 Kb5 46. Rc1 Rc8 47. Rd1 Kc6 48. Bxc4 dxc4 49. Rd6+ Kb7 50. Rb6+ Kc7 51. Ra6 Rd8 52. Bd4 c3 53. Rxa3 Kb7 54. Rxc3 Bxa2 55. f5 Rc8 56. Ra3 Rc2 57. fxg6 fxg6 58. Kf4 Rh2 59. Ra7+ Kc6 60. Rg7 Kd5 61. Rxg6 Rxh4+ 62. Kf5 Rh1 63. Rh6 Rf1+ 64. Kg6 Kc6 65. Kxh5+ Kb5 66. Bc5 Bc4 67. Rf6 1-0


[Site "https://www.chess.com"]

[Event "Late Titled Tuesday Blitz February 8 2022"]
[White "Tan, Jun Ying"]
[Black "Carbone, Diego"]
[WhiteFideId "5710413"]
[BlackFideId "3002179"]
[WhiteElo "1827"]
[BlackElo "2199"]
[Result "1-0"]
[Round "08"]
[TimeControl "180+1"]
[Date "2022.02.09"]
[WhiteClock "0:00:31"]
[BlackClock "0:00:02"]

1. d4 Nf6 2. c4 g6 3. Nc3 d5 4. Nf3 Bg7 5. h4 c6 6. cxd5 cxd5 7. Bf4 Nc6 8. e3 O-O 9. Qb3 Qa5 10. Bb5 Ne4 11. O-O Nxc3 12. bxc3 Bg4 13. Nd2 a6 14. Bd3 e5 15. Bg3 e4 16. Bc2 Be6 17. a4 Rac8 18. Bd6 Rfd8 19. Bc5 Rd7 20. Bb6 Nxd4 21. Bxa5 Nxb3 22. Bxb3 b6 23. Bxb6 Bxc3 24. Rac1 Rb7 25. a5 Bxd2 26. Rxc8+ Bxc8 27. Bxd5 Re7 28. Rd1 Bb4 29. Rd4 Bc3 30. Rxe4 Rxe4 31. Bxe4 Kg7 32. Bd4+ Bxd4 33. exd4 Kf6 34. Kf1 Ke6 35. Ke2 f5 36. Bd3 1-0


[Site "https://www.chess.com"]

[Event "Late Titled Tuesday Blitz February 8 2022"]
[White "Timofeev, Artyom"]
[Black "Mamedyarov, Shakhriyar"]
[WhiteFideId "4140419"]
[BlackFideId "13401319"]
[WhiteElo "2583"]
[BlackElo "2769"]
[Result "0-1"]
[Round "08"]
[TimeControl "180+1"]
[Date "2022.02.08"]
[WhiteClock "0:00:03"]
[BlackClock "0:00:18"]

1. d4 Nf6 2. Nf3 e6 3. Bg5 Be7 4. e3 O-O 5. Bd3 b6 6. O-O Bb7 7. c4 c5 8. dxc5 bxc5 9. Nc3 d6 10. Qe2 Nbd7 11. Rfd1 a6 12. h3 Rb8 13. b3 h6 14. Bh4 Qc7 15. Rd2 Rfd8 16. Rad1 Qa5 17. Rc2 Kf8 18. Bg3 e5 19. Bf5 g6 20. Bxd7 Rxd7 21. e4 Rbd8 22. Nd2 Kg7 23. Nf1 Nh5 24. Ne3 Nxg3 25. fxg3 Bg5 26. h4 Bxe3+ 27. Qxe3 Rf8 28. Rcd2 Qd8 29. Rd3 Kh7 30. Qd2 Qa5 31. Na4 Qxd2 32. R3xd2 Rc7 33. Rxd6 Bxe4 34. Rxa6 Bf5 35. Rd5 e4 36. Kf2 e3+ 37. Kxe3 Re8+ 38. Kf2 Bg4 39. Rd2 Kg7 40. Nc3 Rce7 41. Rc6 Re5 42. Nd5 Rf5+ 43. Nf4 g5 44. hxg5 hxg5 45. Rd5 gxf4 46. Rxf5 Bxf5 47. Rxc5 fxg3+ 48. Kxg3 Bb1 49. Ra5 Re2 50. c5 Bxa2 51. b4 Bd5 52. Kf4 Re4+ 53. Kf5 Rxb4 54. g3 Be6+ 55. Ke5 Rb3 56. c6 Rxg3 57. Kd6 Rd3+ 58. Ke7 Kg6 59. Ra1 Rc3 60. Kd6 Rd3+ 61. Ke7 Rc3 62. Kd6 Bf5 63. Rf1 Kf6 64. Rf2 Rd3+ 65. Kc5 Ke5 66. c7 Rc3+ 67. Kb6 Be6 68. Rd2 f5 69. Re2+ Kf6 70. Rd2 f4 71. Rd8 Ke5 72. Rf8 Rb3+ 73. Kc6 Rc3+ 74. Kb6 f3 75. Rxf3 Rxf3 76. c8=Q Bxc8 0-1


[Site "https://www.chess.com"]

[Event "Late Titled Tuesday Blitz February 8 2022"]
[White "Triapishko, Alexandr"]
[Black "Bortnyk, Olexandr"]
[WhiteFideId "14122286"]
[BlackFideId "14120828"]
[WhiteElo "2479"]
[BlackElo "2723"]
[Result "1-0"]
[Round "08"]
[TimeControl "180+1"]
[Date "2022.02.08"]
[WhiteClock "0:00:04"]
[BlackClock "0:00:03"]

1. Nf3 Nf6 2. g3 d5 3. Bg2 Bf5 4. O-O c6 5. c4 e6 6. d3 Be7 7. Qb3 Qb6 8. Be3 Qa6 9. Nc3 O-O 10. cxd5 exd5 11. Qc2 Nbd7 12. a3 c5 13. Nh4 Be6 14. d4 Ng4 15. Nf5 Bf6 16. Nxd5 cxd4 17. Nxf6+ Ndxf6 18. Bxd4 Rfd8 19. e3 Qb5 20. Nh4 Rac8 21. Qd2 Ne5 22. Qb4 Qxb4 23. axb4 Nc6 24. Bxc6 Rxc6 25. Rxa7 Bh3 26. Rfa1 Ne4 27. Ra8 Rcc8 28. Rxc8 Rxc8 29. f3 Nd2 30. Bc3 Nb3 31. Rd1 g5 32. Ng2 Be6 33. e4 f5 34. Rd6 Re8 35. Ne3 fxe4 36. fxe4 Nc1 37. Bf6 h6 38. h4 gxh4 39. gxh4 Kf7 40. e5 b5 41. Kf2 Rc8 42. Kf3 h5 43. Rb6 Nd3 44. Rb7+ Kg6 45. Rg7+ Kh6 46. Re7 Bh3 47. Ke4 Nxb4 48. Nf5+ Bxf5+ 49. Kxf5 Rf8 50. Rd7 Na6 51. Rd6 Nc5 52. e6 Nxe6 53. Rxe6 Rc8 54. Bg5+ Kg7 55. Re7+ Kf8 56. Re5 b4 57. Kg6 Rc6+ 58. Kxh5 b3 59. Rb5 Kf7 60. Rxb3 Rc2 61. Rf3+ Ke6 62. b3 Rc8 63. Kg4 Rb8 64. Re3+ Kf7 65. h5 Rb4+ 66. Bf4 Kf6 67. h6 Kg6 68. Rh3 Kh7 69. Kf5 Rb5+ 70. Be5 Rb7 71. Ke4 Rb4+ 72. Bd4 Rb8 73. Kd5 Rd8+ 74. Kc4 Rc8+ 75. Bc5 Rb8 76. b4 Rg8 77. b5 Rg4+ 78. Bd4 Rg8 79. b6 Rc8+ 80. Bc5 Rg8 81. b7 Rb8 82. Rb3 Kxh6 83. Bd6 Rg8 84. b8=Q Rg4+ 85. Bf4+ Kg6 86. Rg3 Kh7 87. Qc7+ Kh8 88. Qe5+ Kh7 89. Qh5+ Kg7 90. Rxg4+ Kf6 91. Qe5+ 1-0


[Site "https://www.chess.com"]

[Event "Late Titled Tuesday Blitz February 8 2022"]
[White "Velikanov, Alexander"]
[Black "Novikov, Evgenij"]
[WhiteFideId "2039290"]
[BlackFideId "4125380"]
[WhiteElo "2259"]
[BlackElo "2242"]
[Result "1-0"]
[Round "08"]
[TimeControl "180+1"]
[Date "2022.02.09"]
[WhiteClock "0:00:07"]
[BlackClock "0:00:01"]

1. e4 c5 2. Nf3 d6 3. Nc3 Nf6 4. e5 dxe5 5. Nxe5 Nbd7 6. d4 cxd4 7. Qxd4 Nxe5 8. Qxe5 a6 9. Be3 Qd6 10. Qa5 e6 11. Rd1 Nd5 12. Rxd5 exd5 13. Nxd5 b6 14. Bxb6 Rb8 15. Nc7+ Kd7 16. Qa4+ Qc6 17. Qg4+ Kd6 18. Qf4+ Kd7 19. Qxf7+ Be7 20. Nd5 Qe6+ 21. Qxe6+ Kxe6 22. Nf4+ Kf5 23. Bc7 Rxb2 24. Bd3+ Kf6 25. Ke2 Bg4+ 26. f3 Be6 27. g4 Re8 28. Bxh7 Rxc2+ 29. Bxc2 Bxa2 30. Bg6 Bc4+ 31. Kf2 Bc5+ 32. Kg3 Rc8 33. Ba5 Bd6 34. h4 Bxf4+ 35. Kxf4 Kxg6 36. Bd2 Bd5 37. Rf1 Rf8+ 38. Kg3 Be6 39. Bf4 Kh7 40. Re1 Bc4 41. Re4 Bb5 42. Re5 Rd8 43. h5 Rd7 44. Be3 Rf7 45. f4 Bc6 46. g5 Kg8 47. Re6 Bb5 48. Rb6 Rf8 49. Bc5 Re8 50. g6 Rd8 51. Bd6 Bc4 52. Kg4 Be2+ 53. Kg5 Bd3 54. f5 Re8 55. f6 gxf6+ 56. Kxf6 Bc4 57. h6 Kh8 58. Be5 Rf8+ 59. Kg5+ Kg8 60. h7# 1-0


[Site "https://www.chess.com"]

[Event "Late Titled Tuesday Blitz February 8 2022"]
[White "Villegas, Pierre"]
[Black "Hoffmann, Asa"]
[WhiteFideId "654183"]
[BlackFideId "2001470"]
[WhiteElo "2410"]
[BlackElo "2117"]
[Result "1-0"]
[Round "08"]
[TimeControl "180+1"]
[Date "2022.02.09"]
[WhiteClock "0:00:24"]
[BlackClock "0:00:28"]

1. Nf3 d6 2. d4 Bg4 3. c4 Nf6 4. e3 Nbd7 5. Nc3 e5 6. Be2 Be7 7. O-O c6 8. d5 Qc7 9. Nd2 Bf5 10. e4 Bg6 11. b3 Nc5 12. f3 a5 13. Ba3 Qb6 14. Kh1 O-O 15. Rc1 Nh5 16. g3 f5 17. exf5 Bxf5 18. g4 Bxg4 19. fxg4 Nf4 20. Nde4 Nh3 21. Bxc5 dxc5 22. d6 Bh4 23. Qd3 Nf4 24. Qe3 Ne6 25. Rxf8+ Rxf8 26. Rf1 Nd4 27. Rxf8+ Kxf8 28. g5 Qd8 29. Nxc5 Qxg5 30. Qxg5 Bxg5 31. Nxb7 Ke8 32. Bg4 g6 33. Ne4 Bh4 34. Nxa5 h5 35. Bc8 Kd8 36. d7 g5 37. Nb7+ Kc7 38. d8=Q+ 1-0


[Site "https://www.chess.com"]

[Event "Late Titled Tuesday Blitz February 8 2022"]
[White "Wan, Joseph"]
[Black "Kouskoutis, Georgios-Alexandros"]
[WhiteFideId "2069890"]
[BlackFideId "4234049"]
[WhiteElo "2149"]
[BlackElo "2130"]
[Result "1/2-1/2"]
[Round "08"]
[TimeControl "180+1"]
[Date "2022.02.09"]
[WhiteClock "0:00:02"]
[BlackClock "0:00:06"]

1. d4 Nf6 2. Bf4 d5 3. e3 c5 4. Nf3 Nc6 5. Nbd2 Bg4 6. c3 e6 7. h3 Bh5 8. Be2 Bd6 9. Qb3 Bxf4 10. Qxb7 Rc8 11. exf4 cxd4 12. cxd4 O-O 13. O-O Qd6 14. Rac1 Ne4 15. g4 Nxd2 16. Nxd2 Bg6 17. Nf3 Rc7 18. Qa6 Rfc8 19. Ne5 f6 20. Nxc6 Rxc6 21. Qxc8+ Rxc8 22. Rxc8+ Kf7 23. Rfc1 Be4 24. f5 exf5 25. gxf5 Bxf5 26. Bh5+ g6 27. R1c7+ Bd7 28. Bg4 f5 29. Rxa7 fxg4 30. Rcc7 Kf6 31. Rxd7 Qb4 32. Rxh7 Qe1+ 33. Kg2 Qe4+ 34. Kh2 Qf4+ 35. Kg1 Qc1+ 36. Kg2 gxh3+ 37. Rxh3 Qxb2 38. Rf3+ Kg5 39. Ra4 Qc2 40. Rb4 Qxa2 41. Rb5 Qc4 42. Rbb3 Qxd4 43. Rbd3 Qe4 44. Kf1 Qc4 45. Rg3+ Kf6 46. Kg2 Kg7 47. Rgf3 Qe4 48. Kf1 Qg4 49. Rg3 Qe4 50. Rge3 Qc4 51. Kg2 d4 52. Rf3 Qd5 53. Kg3 Qe5+ 54. Kg2 Qe4 55. Kf1 Qd5 56. Rg3 Qe4 57. Rgf3 Qd5 58. Rg3 Qe4 59. Rgf3 1/2-1/2


[Site "https://www.chess.com"]

[Event "Late Titled Tuesday Blitz February 8 2022"]
[White "Xie, Bryan"]
[Black "Yang, Qindong"]
[WhiteFideId "30941296"]
[BlackFideId "8603758"]
[WhiteElo "1899"]
[BlackElo "2101"]
[Result "1-0"]
[Round "08"]
[TimeControl "180+1"]
[Date "2022.02.09"]
[WhiteClock "0:00:17"]
[BlackClock "0:00:04"]

1. e4 c5 2. Nf3 d6 3. Bb5+ Nd7 4. d4 cxd4 5. Qxd4 a6 6. Bxd7+ Bxd7 7. Nc3 e5 8. Qd3 h6 9. Nd2 b5 10. a4 b4 11. Nd5 a5 12. Nc4 Nf6 13. Ndb6 Rb8 14. Nxd7 Qxd7 15. Nxa5 Ra8 16. Nc4 Rxa4 17. Rxa4 Qxa4 18. Nxd6+ Bxd6 19. Qxd6 Qxc2 20. Qxe5+ Kd7 21. Qd4+ Kc6 22. O-O Qxe4 23. Qa7 Rd8 24. Be3 Rd7 25. Qb6+ Kd5 26. Rd1+ Ke5 27. Qc5+ Ke6 28. Re1 Qd5 29. Qb6+ Kf5 30. h3 Rb7 31. Qa6 Kg6 32. Rc1 Qb5 33. Qd6 Rd7 34. Qf4 Kh7 35. Rc4 Rd1+ 36. Kh2 b3 37. Rb4 Qf1 38. Qf5+ 1-0


[Site "https://www.chess.com"]

[Event "Late Titled Tuesday Blitz February 8 2022"]
[White "Xiong, Jeffery"]
[Black "Chigaev, Maksim"]
[WhiteFideId "2047640"]
[BlackFideId "4108116"]
[WhiteElo "2727"]
[BlackElo "2502"]
[Result "1-0"]
[Round "08"]
[TimeControl "180+1"]
[Date "2022.02.08"]
[WhiteClock "0:00:05"]
[BlackClock "0:00:04"]

1. d4 Nf6 2. Nf3 g6 3. Nbd2 Bg7 4. e4 O-O 5. Be2 c5 6. e5 Nh5 7. Nb3 d6 8. exd6 cxd4 9. dxe7 Qxe7 10. Bg5 Qe4 11. O-O Nc6 12. Re1 h6 13. Bd2 Nf4 14. Bd3 Nh3+ 15. gxh3 Qd5 16. Bf1 a5 17. Bg2 Qb5 18. a4 Qc4 19. Bf4 d3 20. Qc1 dxc2 21. Ra3 g5 22. Be5 Nxe5 23. Nxe5 Bxe5 24. Rxe5 Rd8 25. Re1 Qb4 26. Rf1 Bf5 27. Na1 Rac8 28. Rb3 Qxa4 29. Bxb7 Rc7 30. Bg2 Rcd7 31. Ra3 Qc4 32. Rc3 Qe2 33. Bf3 Qe6 34. Nxc2 Bxh3 35. Re1 Qf5 36. Be4 Qg4+ 37. Rg3 Qe6 38. Bg2 Bxg2 39. Rxe6 Rd1+ 40. Re1 Rxc1 41. Rxc1 Be4 42. h4 f6 43. hxg5 fxg5 44. Re3 Bg6 45. Ne1 Rd2 46. Rb3 Rd7 47. Rb8+ Kf7 48. Rb5 Kf6 49. Rxa5 Be4 50. Ra6+ Kf5 51. Rxh6 Kf4 52. Rh3 g4 53. Rh2 g3 54. Rh4+ Ke5 55. fxg3 Rd2 56. Rc5+ Kd4 57. Rc4+ Kxc4 58. Rxe4+ Kb3 59. Kf1 Rxb2 60. Re2 Rb1 61. Kf2 Kc4 62. Nf3 Rb6 63. g4 Kd5 64. Kg3 Rb4 65. Re5+ Kd6 66. g5 Rb3 67. Rf5 Ke6 68. Kg4 Rb4+ 69. Rf4 Rb5 70. Nd4+ 1-0


[Site "https://www.chess.com"]

[Event "Late Titled Tuesday Blitz February 8 2022"]
[White "Yoo, Christopher Woojin"]
[Black "Shahade, Gregory"]
[WhiteFideId "30909694"]
[BlackFideId "2009064"]
[WhiteElo "2105"]
[BlackElo "2669"]
[Result "1-0"]
[Round "08"]
[TimeControl "180+1"]
[Date "2022.02.08"]
[WhiteClock "0:02:01"]
[BlackClock "0:00:04"]

1. e4 e5 2. Nf3 Nc6 3. Bb5 a6 4. Ba4 Nf6 5. d4 exd4 6. O-O Be7 7. e5 Ne4 8. Nxd4 Nxd4 9. Qxd4 Nc5 10. Nc3 O-O 11. Bb3 Nxb3 12. axb3 d6 13. Bf4 dxe5 14. Qxe5 Bd6 15. Qd4 Bxf4 16. Qxf4 Be6 17. Rfe1 c6 18. Rad1 Qe7 19. Rd3 Rad8 20. Rg3 Qd6 21. Qg5 Qd4 22. h4 g6 23. Ne4 f5 24. Rd3 Qb6 25. Nf6+ Kf7 26. Nxh7 Rxd3 27. Qf6+ Kg8 28. Qxg6+ Kh8 29. Nxf8 Rd2 30. Qh7# 1-0


[Site "https://www.chess.com"]

[Event "Late Titled Tuesday Blitz February 8 2022"]
[White "Adewumi, Tanitoluwa"]
[Black "Golubka, Petro"]
[WhiteFideId "30966396"]
[BlackFideId "14114224"]
[WhiteElo "2475"]
[BlackElo "2392"]
[Result "1-0"]
[Round "09"]
[TimeControl "180+1"]
[Date "2022.02.08"]
[WhiteClock "0:00:52"]
[BlackClock "0:00:49"]

1. b3 b6 2. Bb2 Bb7 3. e3 e6 4. Nf3 Nf6 5. d4 Be7 6. c4 O-O 7. Nc3 d5 8. cxd5 exd5 9. Bd3 Nbd7 10. O-O Re8 11. Rc1 a6 12. Ne5 c5 13. f4 Rc8 14. Qf3 b5 15. Qh3 Nf8 16. Bf5 Rc7 17. Qf3 Qa8 18. Rfd1 Bd6 19. Qh3 g6 20. Bb1 cxd4 21. exd4 Bc8 22. Qf3 Bb7 23. Qh3 Rec8 24. f5 b4 25. Na4 Rxc1 26. Rxc1 Rxc1+ 27. Bxc1 Qc8 28. Bg5 Be7 29. Qh4 gxf5 30. Bxf6 Qc1+ 31. Kf2 Bxf6 32. Qxf6 Qf4+ 1-0


[Site "https://www.chess.com"]

[Event "Late Titled Tuesday Blitz February 8 2022"]
[White "Andreikin, Dmitry"]
[Black "Plotkin, Mark"]
[WhiteFideId "4158814"]
[BlackFideId "2611651"]
[WhiteElo "2736"]
[BlackElo "2178"]
[Result "1/2-1/2"]
[Round "09"]
[TimeControl "180+1"]
[Date "2022.02.08"]
[WhiteClock "0:00:10"]
[BlackClock "0:00:13"]

1. d4 Nf6 2. c4 g6 3. Nc3 d5 4. e3 Bg7 5. Qa4+ c6 6. cxd5 Nxd5 7. Nf3 O-O 8. Be2 c5 9. O-O cxd4 10. Nxd4 Nxc3 11. bxc3 Qc7 12. Rb1 Nc6 13. Ba3 Bd7 14. Bb5 Rfb8 15. h3 a6 16. Bxc6 bxc6 17. Qc4 e5 18. Nf3 Be6 19. Qh4 Rxb1 20. Rxb1 Bxa2 21. Rd1 h6 22. Bd6 Qa5 23. Ra1 Qd5 24. Qe7 e4 25. Ne5 Bb3 26. Nd7 Qe6 27. Nc5 Qxe7 28. Bxe7 Bd5 29. Rxa6 Rxa6 30. Nxa6 Bxc3 31. Nb4 f5 32. Bc5 Kf7 33. Nxd5 cxd5 34. g3 Ke6 35. h4 h5 36. Kf1 d4 37. exd4 Kd5 38. Ke2 Bxd4 39. Be7 Be5 40. Bg5 Kc4 41. Be3 Bd4 42. Bg5 Kb3 43. Bh6 Kc4 44. Bg5 Kd5 45. Bh6 Be5 46. Be3 Ke6 47. Bg5 Bc7 48. Bh6 Bd6 49. Bg5 Be5 50. Bh6 Kd5 51. Bg5 Ke6 52. Bh6 Kf7 53. Bg5 Bf6 54. Bf4 Ke6 55. Bh6 Kf7 56. Bf4 Kf8 57. Bh6+ Ke8 58. Bf4 Kd7 59. Bh6 Ke6 60. Bf4 Be5 61. Bg5 Kf7 62. Bh6 Bf6 63. Bf4 1/2-1/2


[Site "https://www.chess.com"]

[Event "Late Titled Tuesday Blitz February 8 2022"]
[White "Aradhya, Garg"]
[Black "Bambino Filho, Antonio Carlos"]
[WhiteFideId "25006746"]
[BlackFideId "2113163"]
[WhiteElo "2169"]
[BlackElo "2462"]
[Result "1-0"]
[Round "09"]
[TimeControl "180+1"]
[Date "2022.02.09"]
[WhiteClock "0:00:52"]
[BlackClock "0:00:01"]

1. d4 Nf6 2. Nf3 c5 3. d5 g6 4. Nc3 d6 5. e4 Bg7 6. Be2 O-O 7. h3 e6 8. O-O Re8 9. Bb5 Rf8 10. a4 a6 11. Bc4 e5 12. a5 h6 13. Ne1 Nh5 14. Nd3 Qh4 15. f4 exf4 16. Nxf4 Bd4+ 17. Kh2 Be5 18. Qf3 g5 19. g3 Nxg3 20. Qxg3 Qxg3+ 21. Kxg3 f5 22. Kg2 gxf4 23. Bxf4 Nd7 24. Bxh6 Rf6 25. Bg5 Rg6 26. h4 Bxc3 27. bxc3 fxe4 28. Be2 Ne5 29. Ra4 Bd7 30. Rxe4 Bb5 31. c4 Bd7 32. Kh2 Rf8 33. Rxf8+ Kxf8 34. Bf4 Ng4+ 35. Bxg4 Bxg4 36. Bxd6+ Kf7 37. Bxc5 Bf3 38. Rf4+ Rf6 39. Kg3 Be2 40. Rxf6+ Kxf6 41. Bd4+ Kf5 42. c5 Bc4 43. d6 Ke6 44. h5 Kd7 45. h6 Bd3 46. cxd3 1-0


[Site "https://www.chess.com"]